 Dungeon Crawl Stone Soup version 0.17-a0-1663-gb806841 (webtiles) character file.

28 KINGKRU the Magician (level 3, -2/26 HPs)
             Began as a Human Wanderer on Aug 16, 2015.
             Was an Initiate of Elyvilon.
             Slain by a worm (4 damage)
             ... on level 2 of the Dungeon.
             The game lasted 00:12:50 (1512 turns).

KINGKRU the Magician (Human Wanderer)               Turns: 1512, Time: 00:12:50

Health: -2/26      AC:  2    Str:  8    XL:     3   Next: 27%
Magic:  0/6        EV: 12    Int: 16    God:    Elyvilon [......]
Gold:   54         SH:  0    Dex: 11    Spells: 1 memorised, 6 levels left

rFire  . . .     SeeInvis .     e - +0 dagger
rCold  . . .     Clarity  .     d - +0 robe
rNeg   . . .     SustAt   .     (no shield)
rPois  .         Gourm    .     (no helmet)
rElec  .         Spirit   .     (no cloak)
rCorr  .         Warding  .     (no gloves)
rMut   .         Stasis   .     (no boots)
MR     .....                    (no amulet)
Stlth  +.........               (no ring)
                                (no ring)

@: very slightly contaminated, invisible, not resistant to hostile enchantments,
very unstealthy
A: clumsy 1
a: Renounce Religion


You were on level 2 of the Dungeon.
You worshipped Elyvilon.
Elyvilon was noncommittal.
You were not hungry.

You visited 1 branch of the dungeon, and saw 2 of its levels.

You collected 54 gold pieces.

Inventory:

Hand weapons
 e - a +0 dagger (weapon)
Armour
 d - a +0 robe (worn)
Scrolls
 o - a scroll of fog
Potions
 j - a potion of ambrosia
Books
 a - a book of Flames

   Spells                             Type                      Level
   a - Flame Tongue                   Conjuration/Fire             1
   b - Throw Flame                    Conjuration/Fire             2
   c - Conjure Flame                  Conjuration/Fire             3
   d - Inner Flame                    Hexes/Fire                   3
   e - Sticky Flame                   Conjuration/Fire             4
   f - Fireball                       Conjuration/Fire             5
 b - the Tome of the Voyage

   Spells                             Type                      Level
   a - Apportation                    Translocation                1
   b - Shroud of Golubria             Charms/Translocation         2
 c - Tegast's Grimoire of Earth

   Spells                             Type                      Level
   a - Sandblast                      Earth                        1
   b - Passwall                       Transmutation/Earth          3
Miscellaneous
 k - a plain deck of changes {drawn: 2}
Comestibles
 i - 3 fruits
 l - a beef jerky
 n - a meat ration


   Skills:
 + Level 1.2 Fighting
 + Level 1.0 Throwing
 + Level 2.4 Dodging
 + Level 2.6 Spellcasting
 + Level 0.8 Conjurations
   Level 1.0 Charms
 + Level 2.1 Fire Magic
 + Level 1.0 Evocations


You had 6 spell levels left.
You knew the following spells:

 Your Spells              Type           Power        Failure   Level  Hunger
a - Flame Tongue          Conj/Fire      #....        12%         1    #......


Dungeon Overview and Level Annotations

Branches:
Dungeon (2/15)

Altars:
Dithmenos
Elyvilon
Nemelex Xobeh
Okawaru


Innate Abilities, Weirdness & Mutations

You are clumsy. (Dex -2)


Message History

The worm is heavily wounded.
The worm bites you.
You hit the worm but do no damage.
The worm is heavily wounded.
You completely miss the worm.
The worm is heavily wounded.
The worm bites you.
* * * LOW HITPOINT WARNING * * *
Read which item? (? for menu, Esc to quit)
Okay, then.
Evoke which item? (* to show all) (? for menu, Esc to quit)
You draw a card...
It is the Helix.
You feel clumsy.
Unknown command.
Evoke which item? (* to show all) (? for menu, Esc to quit)
You draw a card...
It is the Potion.
This is a plain deck of changes {drawn: 2}.
You fade into invisibility!
The worm bites you.
You die...

#.#####..##.#.###' #.#
#..#......'_ #.#
#..)....###+ #†# #.##....#
*, #.# #.###...###. #)#
#.####...... #.#
#........... #w#
######.#.### #@#
#....###.## *** #**###
#(###.#..). ***8**#8##*
#.# #..####
***8,,,8...8##* #.# #.##
****,,,,,....###* #.# #.#
*,*>,,,,,...._#.*###.###.#
*,**,,,,,....##.##.....#.#
*,**8,,,8,,,8*##.#.#.#.#.#
*,****8***8***#..........#


You could see a worm.

Vanquished Creatures
  2 bats
  A giant cockroach (D:1)
  6 goblins
  2 hobgoblins
  3 jackals (D:1)
  2 ball pythons
  A giant newt (D:2)
  5 kobolds
  7 rats
29 creatures vanquished.

Notes
Turn   | Place    | Note
--------------------------------------------------------------
     0 | D:1      | KINGKRU the Human Wanderer began the quest for the Orb.
     0 | D:1      | KINGKRU set off with: a book of Flames, the Tome of the Voyage, Tegast's Grimoire of Earth, a +0 robe, a +0 dagger, a bread ration
     0 | D:1      | Reached XP level 1. HP: 15/15 MP: 3/3
    31 | D:1      | Learned a level 1 spell: Flame Tongue
   361 | D:1      | Found a sparkling altar of Nemelex Xobeh.
   534 | D:1      | Reached XP level 2. HP: 18/21 MP: 1/5
  1070 | D:2      | Reached XP level 3. HP: 26/26 MP: 1/6
  1158 | D:2      | Found a white marble altar of Elyvilon.
  1307 | D:2      | Became a worshipper of Elyvilon the Healer
  1376 | D:2      | Found a shadowy altar of Dithmenos.
  1408 | D:2      | Found an iron altar of Okawaru.
  1511 | D:2      | Gained mutation: You are clumsy. (Dex -2) [helix card]
  1512 | D:2      | Slain by a worm

Vault maps used:
D:1:      minmay_arrival_hallway, nemelex_deck
D:2:      nicolae_overflow_hidden_temple, lemuel_doored_altar, elyvilon_altar_3,
          dk_yredelemnul_ordeal

Action                   || total
-------------------------++-------
Melee: Dagger            ||    25
 Cast: Flame Tongue      ||    51
Evoke: Deck              ||     2
  Use: Scroll            ||     4
       Potion            ||     1
  Eat: Bread ration      ||     1
